 Dungeon Crawl Stone Soup version 0.30.0-5-g1a98f26d00 (webtiles) character file.

Game seed: 7942801338386951119

410 Jase the Cleaver (level 6, -5/51 HPs)
             Began as a Hill Orc Fighter on May 9, 2023.
             Slain by Edmund
             ... wielding a +8 dire flail
              (9 damage)
             ... on level 5 of the Dungeon.
             The game lasted 00:04:47 (3310 turns).

Jase the Cleaver (Hill Orc Fighter)                 Turns: 3310, Time: 00:04:47

Health: -5/51      AC:  9    Str: 21    XL:     6   Next: 89%
Magic:  6/6        EV:  7    Int:  8    God:
Gold:   193        SH:  4    Dex: 10    Spells: 5/5 levels left

rFire   . . .        a - +0 war axe
rCold   . . .        c - +0 buckler
rNeg    . . .        j - +0 chain mail
rPois   .            (no helmet)
rElec   .            (no cloak)
rCorr   .            (no gloves)
SInv    .            (no boots)
Will    .....        (no amulet) Stlth
                     r - +4 ring of slaying
HPRegen 0.28/turn    (no ring)
MPRegen 0.10/turn

%: no passive effects
@: mighty
A: no striking features
a: no special abilities


You were on level 5 of the Dungeon.
You visited 1 branch of the dungeon, and saw 5 of its levels.

You collected 193 gold pieces.

Inventory:

Hand Weapons
 a - a +0 war axe (weapon)
Missiles
 b - 2 curare-tipped darts (quivered)
 p - 5 poisoned darts
 A - a throwing net
Armour
 c - a +0 buckler (worn)
 j - a +0 chain mail (worn)
 q - the +1 cloak of the Ward {Dex+2}
   (You found it on level 3 of the Dungeon)

   Dex:       It affects your dexterity (+2).
Jewellery
 r - a +4 ring of slaying (left hand)
 u - the ring "Qateh" {Ice Dex+6 SInv}
   (You found it on level 3 of the Dungeon)

   [ring of ice]

   It enhances your ice magic.
   Dex:       It affects your dexterity (+6).
   rF:        It makes you vulnerable to fire.
   rC:        It protects you from cold.
   SInv:      It lets you see invisible.
 y - a ring of fire
Scrolls
 e - 6 scrolls of teleportation {unknown}
 f - 6 scrolls of identify {unknown}
 g - a scroll of vulnerability {unknown}
 h - a scroll of immolation {unknown}
 n - a scroll of blinking {unknown}
 v - a scroll of poison {unknown}
 w - a scroll of fog {unknown}
Potions
 d - 4 potions of might
 i - 2 potions of curing {unknown}
 k - a potion of magic {unknown}
 l - a potion of mutation {unknown}
 m - a potion of haste {unknown}
 o - 2 potions of heal wounds {unknown}
 s - a potion of resistance {unknown}
 t - 2 potions of lignification {unknown}
 x - 2 potions of degeneration {unknown}
 z - a potion of brilliance {unknown}


   Skills:
 - Level 3.6 Fighting
 * Level 9.4 Axes
 - Level 3.2 Armour
 - Level 3.2 Shields


You had 5 spell levels left.
You didn't know any spells.
Your spell library was empty.

Dungeon Overview and Level Annotations

Branches:
Dungeon (5/15)
 Temple: D:4-7

Altars:
Ashenzari
Zin

Annotations:
D:5 Edmund


Message History

You kill the orc!
No target in view!
No target in view!
You start resting.
HP restored.
Things that are here:
a +0 dagger; a +0 whip
Things that are here:
a +0 dagger; an orc corpse
Found a stone staircase leading down.
z - a brown potion
A - a throwing net
d - 5 potions of might (gained 2)
Found 3 stones.
Edmund the Younger comes into view.
He is wielding a +8 dire flail.
There is a stone staircase leading down here.
Edmund hits you with a +8 dire flail.
You hit Edmund.
Edmund is lightly wounded.
You block Edmund's attack.
You barely miss Edmund.
Edmund is lightly wounded.
Edmund hits you with a +8 dire flail!
You closely miss Edmund.
Edmund is lightly wounded.
Edmund hits you with a +8 dire flail!
You are too injured to fight recklessly!
You are too injured to fight recklessly!
You are too injured to fight recklessly!
You feel very mighty all of a sudden. Edmund hits you with a +8 dire flail!
* * * LOW HITPOINT WARNING * * *
You closely miss Edmund.
Edmund is lightly wounded.
Edmund hits you with a +8 dire flail!
* * * LOW HITPOINT WARNING * * *
You slash Edmund!
Edmund is heavily wounded.
Edmund hits you with a +8 dire flail!
You die...

####### .....# .##
#@##.# .....##@##.####
#.(.>......#####
#####..........
............##.#
########.....#.#
#.##....# #...#.###
###########.#..#
#..............#######


You could see Edmund.

Vanquished Creatures
  An ogre (D:5)
  A phantom (D:5)
  2 hounds (D:5)
  An orc priest (D:5)
  An iguana (D:5)
  2 adders
  2 worms
  6 dart slugs
  6 orcs
  7 bats
  10 endoplasms
  6 giant cockroaches
  8 hobgoblins
  5 jackals
  7 kobolds
  4 quokkas
  6 ball pythons
  3 frilled lizards
  5 goblins
  6 rats
89 creatures vanquished.

Notes
Turn   | Place    | Note
-------+----------+-------------------------------------------
     0 | D:1      | Jase the Hill Orc Fighter began the quest for the Orb.
     0 | D:1      | Reached XP level 1. HP: 19/19 MP: 1/1
    68 | D:1      | Reached skill level 3 in Axes
   151 | D:1      | Reached XP level 2. HP: 26/26 MP: 2/2
   194 | D:1      | Reached skill level 4 in Axes
   577 | D:1      | Reached XP level 3. HP: 31/31 MP: 3/3
  1165 | D:2      | Reached skill level 5 in Axes
  1260 | D:2      | You fall into a shaft and drop 1 floor!
  1555 | D:2      | Reached XP level 4. HP: 39/39 MP: 4/4
  1922 | D:3      | Reached skill level 6 in Axes
  1925 | D:3      | Identified the +1 cloak of the Ward {Dex+2}
  2185 | D:3      | Found a broken altar of Ashenzari.
  2289 | D:3      | Found a glowing silver altar of Zin.
  2300 | D:3      | Identified the ring "Qateh" {Ice Dex+6 SInv}
  2614 | D:4      | Reached XP level 5. HP: 45/45 MP: 5/5
  2930 | D:5      | Entered Level 5 of the Dungeon
  2944 | D:5      | Reached skill level 7 in Axes
  3028 | D:5      | Noticed an ogre
  3035 | D:5      | Killed an ogre
  3036 | D:5      | Reached skill level 8 in Axes
  3036 | D:5      | Reached XP level 6. HP: 28/51 MP: 6/6
  3173 | D:5      | Reached skill level 9 in Axes
  3303 | D:5      | Noticed Edmund
  3310 | D:5      | Slain by Edmund

Illustrated notes

Levels and vault maps discovered:
D:1:      roderic_chinese_lattice_arrival, layout_basic, serial_bayou_ford_a
D:2:      minmay_wonky_spiral, layout_loops_ring
D:3:      layout_basic, mainiacjoe_overflow_boulevard,
          mainiacjoe_overflow_cross_hatched, minmay_statues_item
D:4:      layout_basic
D:5:      layout_basic, dk_noncrumbling_3, uniq_edmund, uniq_grinder,
          uniq_eustachio

Skill      XL: |  1  2  3  4  5  6 |
---------------+-------------------+-----
Axes           | 3 4 5 6 8 9 |  9.4
Fighting       | |  3.6
Armour         | |  3.2
Shields        | |  3.2

Action                     |  1- 3 |  4- 6 || total
---------------------------+-------+-------++-------
  Melee: War axe           |    92 |   162 ||   254
    Use: Potion            |       |     1 ||     1
 Armour: Scale mail        |    22 |       ||    22
         Chain mail        |    25 |    86 ||   111
  Dodge: Dodged            |    43 |    57 ||   100
  Block: Buckler           |    24 |    30 ||    54
